 Dungeon Crawl Stone Soup version 0.16-a0-2093-g8c923f7 (webtiles) character file.

812 PolkaDot the Caller (level 7, -5/54 HPs)
             Began as a Vampire Summoner on Nov 12, 2014.
             Was a Follower of Sif Muna.
             Shot with an arrow by a centaur (10 damage)
             ... on level 6 of the Dungeon.
             The game lasted 00:21:38 (5614 turns).

PolkaDot the Caller (Vampire Summoner)              Turns: 5614, Time: 00:21:38

Health: -5/54      AC:  3    Str:  4    XL:     7   Next: 61%
Magic:  2/12       EV: 12    Int: 19    God:    Sif Muna [*.....]
Gold:   125        SH:  0    Dex: 14    Spells: 2 memorised, 3 levels left

rFire  . . .     SeeInvis +     j - +2 dagger (elec)
rCold  . . .     Clarity  .     f - +0 robe of Indomitability {MR++ Str-3}
rNeg   . . .     SustAb   .     (no shield)
rPois  .         Gourm    .     (no helmet)
rElec  .         Spirit   .     (no cloak)
rCorr  .         Warding  .     (no gloves)
rMut   .         Stasis   .     (no boots)
MR     ++...                    (no amulet)
Stlth  ++........               (no ring)
                                k - +1 ring of protection

@: regenerating very quickly, very resistant to hostile enchantments, unstealthy
A: bottle blood, fangs 3, see invisible, unbreathing
a: Bottle Blood, Channel Energy, Renounce Religion


You were on level 6 of the Dungeon.
You worshipped Sif Muna.
Sif Muna was aware of your devotion.
You were almost alive.

You visited 1 branch of the dungeon, and saw 6 of its levels.

You collected 261 gold pieces.
You spent 136 gold pieces at shops.

Inventory:

Hand weapons
 j - a +2 dagger of electrocution (weapon)
Armour
 f - the +0 robe of Indomitability (worn) {MR++ Str-3}
   (You bought it in a shop on level 4 of the Dungeon)

   It affects your strength (-3).
   It affects your resistance to hostile enchantments.
Jewellery
 a - an uncursed ring of teleportation
 k - a +1 ring of protection (left hand)
Magical devices
 h - a wand of disintegration (2)
 r - a wand of polymorph (1)
 s - a wand of fire (6)
Scrolls
 g - a scroll of fear {unknown}
 i - a scroll of teleportation
 l - a scroll of remove curse
 m - a scroll of enchant weapon
 q - a scroll of amnesia
Potions
 c - a potion of restore abilities
 d - a potion of confusion {unknown}
 e - a potion of agility {unknown}
 n - 3 potions of curing
Books
 b - a book of Callings

   Spells                             Type                      Level
   Summon Small Mammal                Summoning                    1
   Call Imp                           Summoning                    2
   *Call Canine Familiar              Summoning                    3
   Summon Guardian Golem              Hexes/Summoning              4
   Summon Lightning Spire             Summoning/Air                4
   *Summon Ice Beast                  Ice/Summoning                4


   Skills:
 + Level 4.1 Fighting
 - Level 2.1 Dodging
 - Level 3.0 Stealth
 - Level 2.0 Spellcasting
 * Level 7.2 Summonings
 + Level 3.6 Ice Magic


You had 3 spell levels left.
You knew the following spells:

 Your Spells              Type           Power        Failure   Level  Hunger
d - Call Canine Familiar  Summ           ####....     2%          3    ###....
i - Summon Ice Beast      Ice/Summ       ###.....     21%         4    #####..


Dungeon Overview and Level Annotations

Branches:
Dungeon (6/15)             Temple (0/1) D:4

Altars:
Elyvilon
Gozag
Makhleb
Qazlal
Sif Muna
Vehumet

Shops:
D:4 [   D:5 *


Innate Abilities, Weirdness & Mutations

Your natural rate of healing is extremely fast.
You can bottle blood from corpses.
You have razor-sharp teeth.
You have supernaturally acute eyesight.
You can survive without breathing.


Message History

* * * LOW HITPOINT WARNING * * *
Your hound bites the giant frog.
You swap places.
The giant frog hits your ice beast.
Your hound bites the giant frog.
The giant frog closely misses your ice beast.
Your ice beast hits the giant frog.
Your ice beast freezes the giant frog!
The giant frog dies!
Drink which item? (? for menu, Esc to quit)
Yummy - fresh blood!
The centaur shoots an arrow.
The arrow barely misses your ice beast. The arrow hits you!
* * * LOW HITPOINT WARNING * * *
What do you say? t - Shout!
Orders for allies: a - Attack new target. r - Retreat! s - Stop attacking. w - Wait here. f - Follow me.
Anything else - Stay silent.
Wait here!
The centaur shoots an arrow.
The arrow barely misses your ice beast. The arrow hits you!
You die...

.....######....#
...........o.....#
#.........o.o.%.
#.........o§≈#
.........(§#
#...##r.§≈#
#...##..§≈#
###..h##SO.≈#
#<'.@Y†clro.+
###..Y###..≈#
#...# ###≈# #####
§# ≈# ≈§ #


You could see an ogre, a centaur, an iguana, an adder, an orc, a quokka, 2
friendly ice beasts and a friendly hound.

Vanquished Creatures
  A phantom (D:5)
  A scorpion (D:5)
  An orc priest (D:4)
  4 orc wizards (D:4)
  3 worker ants
  Terence (D:3)
  6 adders
  3 gnolls (D:4)
  A giant mite (D:4)
  3 giant geckos (D:2)
  15 orcs
  10 bats
  11 goblins
  8 hobgoblins
  10 kobolds
  3 giant cockroaches
  5 giant newts
  A hobgoblin skeleton (D:4)
  A quokka (D:4)
  8 rats
  A rat skeleton (D:5)
  3 plants (D:2)
100 creatures vanquished.

Vanquished Creatures (collateral kills)
  2 ogres (D:4)
  A phantom (D:4)
  A giant frog (D:6)
  The ghost of Vidiiot the Digger, a weakling OpEE (D:3)
  2 orc priests (D:4)
  An orc wizard (D:4)
  6 gnolls
  2 adders
  A worm (D:2)
  An iguana skeleton (D:4)
  10 orcs (D:4)
  2 hobgoblins
  A bat (D:3)
  3 kobolds
  A rat (D:3)
35 creatures vanquished.

Vanquished Creatures (others)
  7 hounds
  A rat (D:2)
8 creatures vanquished.

Grand Total: 143 creatures vanquished

Notes
Turn   | Place    | Note
--------------------------------------------------------------
     0 | D:1      | PolkaDot, the Vampire Summoner, began the quest for the Orb.
     0 | D:1      | Reached XP level 1. HP: 13/13 MP: 3/3
   212 | D:1      | Reached skill level 1 in Fighting
   403 | D:1      | Reached XP level 2. HP: 21/21 MP: 4/4
  1101 | D:2      | Reached XP level 3. HP: 18/27 MP: 0/6
  1493 | D:2      | Learned a level 3 spell: Call Canine Familiar
  1541 | D:2      | Found a burning altar of Makhleb.
  2198 | D:3      | Reached XP level 4. HP: 30/34 MP: 7/7
  2213 | D:3      | Learned a level 4 spell: Summon Ice Beast
  2224 | D:3      | Noticed Terence
  2257 | D:3      | Killed Terence
  2350 | D:3      | Found an opulent altar of Gozag.
  2351 | D:3      | Found a deep blue altar of Sif Muna.
  2372 | D:3      | Reached skill level 1 in Ice Magic
  2402 | D:3      | Became a worshipper of Sif Muna the Loreminder
  2640 | D:3      | Noticed Vidiiot's ghost (weakling OpEE)
  2645 | D:3      | Killed Vidiiot's ghost
  2645 | D:3      | Reached skill level 5 in Summonings
  2645 | D:3      | Reached XP level 5. HP: 25/40 MP: 1/9
  3167 | D:4      | Found Taipsioc's Antique Armour Shoppe.
  3170 | D:4      | Bought a thick robe for 136 gold pieces
  3181 | D:4      | Identified the cursed +0 robe of Indomitability {MR++ Str-3} (You bought it in a shop on level 4 of the Dungeon)
  3183 | D:4      | Noticed a phantom
  3381 | D:4      | Killed a phantom
  3517 | D:4      | Reached XP level 6. HP: 24/47 MP: 2/10
  3652 | D:4      | Found a staircase to the Ecumenical Temple.
  3733 | D:4      | Noticed an ogre
  3739 | D:4      | Reached skill level 6 in Summonings
  3747 | D:4      | Killed an ogre
  4048 | D:4      | Found a radiant altar of Vehumet.
  4241 | D:4      | Found a white marble altar of Elyvilon.
  4535 | D:4      | Reached XP level 7. HP: 35/53 MP: 12/12
  4706 | D:4      | Acquired Sif Muna's first power
  4718 | D:5      | Entered Level 5 of the Dungeon
  5008 | D:5      | Found Fuisias' Assorted Antiques.
  5195 | D:5      | Found a stormy altar of Qazlal.
  5363 | D:5      | Reached skill level 7 in Summonings
  5614 | D:6      | Shot with an arrow by a centaur

Action                   |  1- 3 |  4- 6 |  7- 9 || total
-------------------------+-------+-------+-------++-------
Melee: Dagger            |   564 |   196 |    33 ||   793
       Short sword       |    13 |       |       ||    13
       Spear             |       |    31 |       ||    31
 Cast: Summon Small Mamm |    17 |       |       ||    17
       Call Canine Famil |     1 |    16 |     3 ||    20
       Summon Ice Beast  |       |     4 |     4 ||     8
Invok: Channel Energy    |       |       |    12 ||    12
 Abil: Bottle Blood      |       |     8 |     3 ||    11
Evoke: Wand              |       |       |     4 ||     4
  Use: Potion            |     2 |     9 |     8 ||    19
       Scroll            |     6 |     9 |       ||    15
 Stab: Sleeping          |     3 |     8 |       ||    11
       Distracted        |     2 |     1 |     1 ||     4
  Eat: Corpse            |    13 |    14 |     1 ||    28
